 Dungeon Crawl Stone Soup version 0.18-a0-329-g5b4d444 (webtiles) character file.

33 Mindmaker the Cutter (level 3, 12/19 HPs)
             Began as a Spriggan Abyssal Knight on Oct 4, 2015.
             Was a Believer of Lugonu.
             Quit the game on level 1 of the Dungeon on Nov 29, 2015.
             The game lasted 00:05:19 (906 turns).

Mindmaker the Cutter (Spriggan Abyssal Knight)       Turns: 906, Time: 00:05:19

Health: 12/19      AC:  2    Str:  8    XL:     3   Next: 12%
Magic:  5/5        EV: 18    Int: 13    God:    Lugonu [**....]
Gold:   55         SH:  0    Dex: 16    Spells: 0 memorised, 2 levels left

rFire  . . .     SeeInvis +     a - +1 short sword
rCold  . . .     Clarity  .     b - +0 robe
rNeg   . . .     SustAt   .     (shield restricted)
rPois  .         Gourm    .     (helmet restricted)
rElec  .         Spirit   .     (no cloak)
rCorr  .         Warding  .     (gloves unavailable)
rMut   .         Stasis   .     (boots unavailable)
MR     .....                    (no amulet)
Stlth  +.........               (no ring)
                                (no ring)

@: very quick, not resistant to hostile enchantments, very unstealthy
A: unfitting armour, see invisible, herbivore 3, speed 3, slow metabolism 2
a: Depart the Abyss, Bend Space, Renounce Religion


You were on level 1 of the Dungeon.
You worshipped Lugonu.
Lugonu was pleased with you.
You were not hungry.

You visited 1 branch of the dungeon, and saw 1 of its levels.
You visited the Abyss 1 time.

You collected 55 gold pieces.

Inventory:

Hand Weapons
 a - a +1 short sword (weapon)
Armour
 b - a +0 robe (worn)
 h - a +0 buckler
Scrolls
 e - a scroll of identify {unknown}
 f - a scroll of magic mapping {unknown}
 g - 3 scrolls of amnesia {unknown}
Potions
 i - a potion of magic {unknown}
Comestibles
 c - a bread ration
 d - a slice of pizza


   Skills:
 - Level 2.4 Fighting
 + Level 4.0 Short Blades
 - Level 3.5 Dodging
 - Level 1.7 Invocations


You had 2 spell levels left.
You didn't know any spells.

Dungeon Overview and Level Annotations

Branches:
Dungeon (1/15)

Altars:


Innate Abilities, Weirdness & Mutations

You are tiny and cannot use many weapons and most armour.
You have supernaturally acute eyesight.
You are a herbivore.
You cover ground extremely quickly.
You need consume almost no food.


Message History

You hit the giant gecko.
The giant gecko is almost dead.
The giant gecko bites you.
You hit the giant gecko.
You kill the giant gecko!
Lugonu accepts your kill.
Your Short Blades skill increases to level 4!
No target in view!
You see here a ring mail.
You see here a jackal skeleton.
Done exploring.
Done exploring.
Search for what [? for help]? .
Save game and exit?
Welcome back, Mindmaker the Spriggan Abyssal Knight.
Lugonu says: Spread carnage and corruption!
Press ? for a list of commands and other information.
Quiver which item? (- for none, * to show all) (? for menu, Esc to quit)
Okay, then.
Are you sure you want to abandon this character and quit the game? (Confirm with "yes".)

....>.#
#p#.#d##...######.#.# #
##.##.#####.###.......#
#.#.# ##
#.##...#9#.#T##...##.#
#.#.####.
##.########.#####.###.#
#.....>.# ...# #V#.#g#
#.# #.##########. ####
###.### #.#
#............ #Q#.#m#
#.# #############
###.#####.# #M#.#.#.@.#
###.####### #p#.#K#
###'### #...# #.<.#
#####


There were no monsters in sight!

Vanquished Creatures
  2 oozes (D:1)
  A giant gecko (D:1)
  A bat (D:1)
  A giant cockroach (D:1)
  5 goblins (D:1)
  3 hobgoblins (D:1)
  2 jackals (D:1)
  4 kobolds (D:1)
  3 rats (D:1)
22 creatures vanquished.

Notes
Turn   | Place    | Note
--------------------------------------------------------------
     0 | Abyss:1  | Mindmaker the Spriggan Abyssal Knight began the quest for the Orb.
     0 | Abyss:1  | Reached XP level 1. HP: 11/11 MP: 3/3
    28 | D:1      | Escaped the Abyss
    31 | D:1      | Noticed a human
    35 | D:1      | Noticed a tengu
    35 | D:1      | Noticed a merfolk
    37 | D:1      | Noticed a vampire
    37 | D:1      | Noticed a dwarf
    39 | D:1      | Noticed a gargoyle
    39 | D:1      | Noticed a troll
    41 | D:1      | Noticed a demigod
    41 | D:1      | Noticed a draconian
    43 | D:1      | Noticed an octopode
    45 | D:1      | Noticed a vine stalker
    45 | D:1      | Noticed a naga
    47 | D:1      | Noticed a spriggan
    49 | D:1      | Noticed a formicid
    49 | D:1      | Noticed a ghoul
    51 | D:1      | Noticed an elf
    51 | D:1      | Noticed a minotaur
    53 | D:1      | Noticed a demonspawn
    53 | D:1      | Noticed a centaur
    55 | D:1      | Noticed an ogre
    55 | D:1      | Noticed a felid
   390 | D:1      | Reached XP level 2. HP: 11/16 MP: 4/4
   742 | D:1      | Reached * piety under Lugonu
   742 | D:1      | Reached XP level 3. HP: 17/19 MP: 5/5
   827 | D:1      | Reached skill level 4 in Short Blades
   906 | D:1      | Upgraded the game from 0.17-a0-1954-g0dddeaa to 0.18-a0-329-g5b4d444
   906 | D:1      | Quit the game

Vault maps used:
D:1:      kb_arrival_jail

Action                   || total
-------------------------++-------
Melee: Short sword       ||    82
